 Dungeon Crawl Stone Soup version 0.29.1-1-gd02db6906a (webtiles) character file.

Game seed: 1467600423129488258

49 Nonny the Covered (level 3, -3/24 HPs)
             Began as a Gargoyle Fighter on Oct 16, 2022.
             Engulfed by a cloud of flame (14 damage)
             ... on level 2 of the Dungeon.
             The game lasted 00:07:23 (778 turns).

Nonny the Covered (Gargoyle Fighter)                 Turns: 778, Time: 00:07:24

Health: -3/24      AC: 10    Str: 21    XL:     3   Next: 75%
Magic:  3/3        EV:  9    Int:  8    God:
Gold:   68         SH:  5    Dex:  9    Spells: 2/2 levels left

rFire   . . .      SeeInvis .   a - +0 flail
rCold   . . .      Faith    .   c - +1 buckler
rNeg    + . .      Spirit   .   b - +0 scale mail
rPois   ∞          Reflect  .   (no helmet)
rElec   +          Harm     .   (no cloak)
rCorr   .          Rampage  .   (no gloves)
Will    .....                   (no boots)
Stlth   ..........              (no amulet)
HPRegen 0.08/turn               (no ring)
MPRegen 0.08/turn               (no ring)

@: no status effects
A: sickness immunity, AC +3, negative energy resistance 1, electricity
resistance, torment resistance 1, petrification resistance
a: no special abilities


You were on level 2 of the Dungeon.
You visited 1 branch of the dungeon, and saw 2 of its levels.

You collected 68 gold pieces.

Inventory:

Hand Weapons
 a - a +0 flail (weapon)
Armour
 b - a +0 scale mail (worn)
 c - a +1 buckler (worn)
Jewellery
 g - a ring of protection from cold
Scrolls
 l - a scroll of magic mapping
 m - a scroll of poison
Potions
 d - a potion of might
 n - 2 potions of mutation
 o - a potion of degeneration {unknown}


   Skills:
 + Level 3.7 Fighting
 + Level 2.8 Maces & Flails
 + Level 3.8 Armour
 + Level 3.6 Shields


You had 2 spell levels left.
You didn't know any spells.
Your spell library was empty.

Dungeon Overview and Level Annotations

Branches:
Dungeon (2/15)

Altars:


Innate Abilities, Weirdness & Mutations

You are immune to sickness and miasma.
Your stone body is resilient. (AC +3)
You are immune to poison.
You resist negative energy. (rN+)
You are resistant to electric shocks. (rElec)
You are resistant to unholy torment.
You are immune to petrification.


Message History

As you read the scroll labelled GAESUTH AVVOWI, it crumbles to dust.
It is a scroll of enchant armour.
Your +0 buckler glows green for a moment.
Enter note: GAESUTH AVVOWI - enchant armour
As you read the scroll labelled IKIUCI ACOE, it crumbles to dust.
You feel aware of your surroundings.
You sensed 1 altar.
It was a scroll of magic mapping.
Enter note: IKIUCI ACOE - magic mapping The air fills with toxic fumes!
As you read the scroll labelled PANEERAIMA, it crumbles to dust.
It was a scroll of poison.
Your butterfly is engulfed in poison gas.
Your butterfly is poisoned.
Your butterfly disappears in a burst of colours!
Your butterfly explodes!
The fiery explosion engulfs your butterfly!!
Your butterfly disappears in a burst of colours!
Your butterfly explodes!
Your butterfly is engulfed in poison gas.
Your butterfly is poisoned.
Your butterfly disappears in a burst of colours!
Your butterfly explodes!
The fiery explosion engulfs your butterfly!!
Your butterfly disappears in a burst of colours!
The fiery explosion engulfs your butterfly!!
Your butterfly disappears in a burst of colours!
Your butterfly explodes! x2
Your butterfly is engulfed in poison gas.
Your butterfly is poisoned.
Your butterfly disappears in a burst of colours!
Your butterfly explodes!
The fiery explosion engulfs your endoplasm!!
Your endoplasm dissolves into shadows!
Your endoplasm explodes!
The fiery explosion engulfs you!
You hear a shout! x2
Unknown command.
You are engulfed in blazing flames.
Ouch! That really hurt!
You die...

*,,,,,,,*,,,,,,****,,,,,,,,,,*<,,
*,*****,,,,,,,,§§#*,,,,,,,****,**
*,* *,,..#***#§#*,,,,,,,* *,,,
*,* *,,,..#* #§#*,,,,,,,* ****
*,* *,*,,..#*#§#*,,,,**** *,*
*.####..##§##,,,,********** *,*
**........§§§,,,,,,,,,,,,,,, *,*
*,........#§#**************,
*+****,.....)..#@# ***********,
,,,,,*,..§§§§§§§## *,,,,,,,,,*,
,,,,,*,..§§§§§§§#** *,,,,,,,,,*,
,,,,,*,..§§§§§§§..#***,,,,,,,,,*,
,,,,,+,..§§§§§§§......,,,,,,,,,*,
,,,,,*,..§§§§§§####...,,,,,,,,,*,
,,,,,*,..§§§§§§# **..,,,,,,,,,,,
,,*****######### *,!,,,,****,*,
,,* ***,***,,,,,,*,


There were no monsters in sight!

Vanquished Creatures
  An adder (D:2)
  6 endoplasms (D:1)
  5 goblins
  3 hobgoblins (D:1)
  5 quokkas (D:1)
  2 ball pythons (D:1)
  2 bats (D:1)
  A frilled lizard (D:1)
  6 kobolds
  4 rats
35 creatures vanquished.

Notes
Turn   | Place    | Note
-------+----------+-------------------------------------------
     0 | D:1      | Nonny the Gargoyle Fighter began the quest for the Orb.
     0 | D:1      | Reached XP level 1. HP: 14/14 MP: 1/1
    14 | D:1      | Starting vault: 8 1x1 pillars, three downhatches
   127 | D:1      | Reached XP level 2. HP: 14/19 MP: 2/2
   149 | D:1      | rC+ ring
   425 | D:1      | Found a faded altar of an unknown god.
   483 | D:1      | Reached XP level 3. HP: 22/23 MP: 3/3
   552 | D:1      | So many endoplasms on this floor.
   600 | D:1      | Passwall might come in handy for the orbrun
   771 | D:2      | glowing grey potion - mutation
   771 | D:2      | BORUEW LING - identify
   772 | D:2      | MAHUKK ZUJUAMM - fear
   773 | D:2      | QUAXEU NIEXTY - summoning
   774 | D:2      | WESTRU NEREHEI - scroll of butterflies
   775 | D:2      | UQATUL FIVIACK - inner flame (oh boy)
   776 | D:2      | GAESUTH AVVOWI - enchant armour
   777 | D:2      | IKIUCI ACOE - magic mapping
   778 | D:2      | Engulfed by a cloud of flame

Illustrated notes .. ... ###############..# #.............>.# #..#..#..#..#...# #...............# #...............# #<......).@...>.# #...............# #...............# #..#..#..#..#..## #.............># ################ Turn 14 on D:1: Starting vault: 8 1x1 pillars, three downhatches ### ######### #.. #.......# #.# #.#####.# #.# #.# #.# #.## #.# #.# #$. #.# #.# #.# #.#####.#####@##.### #.†..........$......# #.#...............>.. #.#####.####..##....# #.# #.# #..# ...## #.# #.# ..... ..# #.# ##.. ...... ..) #.###.... ....#....## #.#.. .. ##..#... Turn 149 on D:1: rC+ ring #########..## ........>.## #.......# #..#..#...# #.......# ..........# +.......# ##. ..........# #....... ... ..).....>.# #...... ... ..........# #....# ... ..........# #....##.# ... #..#..#..## ###.@..##.######..... ........># #.................... ########## #.#........... ...... #.#######.... #..#.# #.# #.#.# #..# # #.#######.#.# #..#.# #...)....(..####..#.# #.#######.....)...... #.# ########..... Turn 552 on D:1: So many endoplasms on this floor. ........... .#####+#..# ........... .## .......... ..# . .......... #.# .... ..#...# #### #.###..... .†)...+ .... .......... ..#...# #..###........ ..#...# #..@..# ...# ..#...# ####..##...### ..#...# #######....)....... ..#...# #....####..)#...##. ..#...# #....# #...#...# ###..## #....####...#...# # ..>.## #.......#...#...##..##. #...# ###.......#...#.......... ....# #.'.......##......##....... Turn 600 on D:1: Passwall might come in handy for the orbrun ..# ..# #.# ..# #.# ..# #.# .####..##.## ........... ........#.# .....)..#@# ........)## .........# ...........# .....[......... ........####... ........# .. ######### ! Turn 771 on D:2: glowing grey potion - mutation ..# ..# #.# ..# #.# ..# #.# .####..##.## ........... ........#.# .....)..#@# ........)## .........# ...........# .....[......... ........####... ........# .. ######### ! Turn 772 on D:2: MAHUKK ZUJUAMM - fear ..# ..# #.# ..# #.# ..# #.# .####..##.## ........w.. ........#.# .....)..#@# ........J## .........# ...........# .....[......... ........####... ........# .. ######### ! Turn 773 on D:2: QUAXEU NIEXTY - summoning ..# ..# #.# ..# #.# ..# #.# .####..##.## ........wbb ........#b# .....)..#@# .......bJ## .......bb# ...........# .....[......... ........####... ........# .. ######### ! Turn 774 on D:2: WESTRU NEREHEI - scroll of butterflies ..# ..# #.# ..# #.# ..# #.# .####..##b## .........b. ........#b# .....)..#@# .......bJ## ......b..# ...........# .....[.b....... ........####... ........# .. ######### ! Turn 775 on D:2: UQATUL FIVIACK - inner flame (oh boy) ..# ..# #.# ..# #.# ..# #b# .####..##.## ........b.. ........#b# .....)..#@# .......bJ## .........# .....b.....# .....[......... ....b...####... ........# .. ######### ! Turn 776 on D:2: GAESUTH AVVOWI - enchant armour

*,,,,,,,*,,,,,,****,,,,,,,,,,*<,,
*,*****,,,,,,,,..#*,,,,,,,****,**
*,* *,,..#***#.#*,,,,,,,* *,,,
*,* *,,,..#* #.#*,,,,,,,* ****
*,* *,*,,..#*#b#*,,,,**** *,*
*.####..##b##,,,,********** *,*
**...........,,,,,,,,,,,,,,, *,*
*,........#.#**************,
*+****,.....)..#@# ***********,
,,,,,*,.......bJ## *,,,,,,,,,*,
,,,,,*,.........#** *,,,,,,,,,*,
,,,,,*,...b.......#***,,,,,,,,,*,
,,,,,+,....b[.........,,,,,,,,,*,
,,,,,*,........####...,,,,,,,,,*,
,,,,,*,........# **..,,,,,,,,,,,
,,*****######### *,!,,,,****,*,
,,* ***,***,,,,,,*,


Turn 777 on D:2: IKIUCI ACOE - magic mapping

Levels and vault maps discovered:
D:1:      lemuel_arrival_broad_hall, layout_basic,
          chequers_ecumenical_altar_simple_redux, hangedman_decor_slide_cut
D:2:      layout_basic, basic_altar, minmay_circle_x, uniq_crazy_yiuf_cottage

Action                   || total
-------------------------++-------
Melee: Flail             ||   102
  Use: Scroll            ||     8
Armor: Scale mail        ||    49
Dodge: Dodged            ||    44
Block: Buckler           ||    19
